 Dungeon Crawl Stone Soup version 0.27-a0-249-g74f53ef629 (webtiles) character file.

Game seed: 14989049869207969376

5365 lunkers the Zephyrmancer (level 10, 0/69 HPs)
             Began as a Demigod Air Elementalist on Feb 3, 2021.
             Shot with an arrow by a centaur (5 damage)
             ... on level 9 of the Dungeon.
             The game lasted 00:15:24 (10967 turns).

lunkers the Zephyrmancer (DgAE)                    Turns: 10967, Time: 00:15:24

Health: 0/69       AC:  5    Str: 11    XL:     10   Next: 16%
Magic:  1/25       EV: 12    Int: 25    God:
Gold:   455        SH:  0    Dex: 16    Spells: 14/24 levels left

rFire    . . .     SeeInvis .   b - +1 dagger (distort)
rCold    . . .     Faith    .   (no shield)
rNeg     . . .     Spirit   .   a - +0 robe
rPois    .         Reflect  .   (no helmet)
rElec    .         Harm     .   F - +1 cloak
rCorr    .         Rampage  .   s - +0 pair of gloves
Will     +....                  (no boots)
Stlth    ++........             (no amulet)
HPRegen  0.21/turn              (no ring)
MPRegen  0.19/turn              (no ring)

@: no status effects
A: high mp 1
a: no special abilities


You were on level 9 of the Dungeon.
You visited 1 branch of the dungeon, and saw 9 of its levels.

You collected 455 gold pieces.

Inventory:

Hand Weapons
 b - a +1 dagger of distortion (weapon)
 C - a +1 broad axe of electrocution
Armour
 a - a +0 robe (worn)
 c - a +2 kite shield
 h - a +0 buckler
 s - a +0 pair of gloves (worn)
 F - a +1 cloak (worn)
Jewellery
 H - an uncursed ring of see invisible {unknown}
Wands
 x - a wand of paralysis (5)
 y - a wand of polymorph (17)
 B - a wand of random effects (5)
 D - a wand of digging (3)
Scrolls
 e - 6 scrolls of remove curse
 f - 6 scrolls of identify {unknown}
 g - 2 scrolls of blinking {unknown}
 i - 2 scrolls of magic mapping {unknown}
 k - 3 scrolls of teleportation {unknown}
 l - 2 scrolls of immolation {unknown}
 n - 4 scrolls of amnesia {unknown}
 o - 2 scrolls of enchant weapon {unknown}
 t - 3 scrolls of fog {unknown}
 A - a scroll of random uselessness {unknown}
Potions
 d - a potion of degeneration {unknown}
 j - a potion of cancellation {unknown}
 m - 2 potions of invisibility {unknown}
 p - a potion of haste {unknown}
 q - 2 potions of brilliance {unknown}
 r - a potion of ambrosia {unknown}
 u - a potion of berserk rage {unknown}
 v - a potion of lignification {unknown}
 w - a potion of attraction {unknown}
 z - 2 potions of mutation {unknown}
 G - a potion of curing {unknown}


   Skills:
 - Level 1.7 Dodging
 - Level 1.7 Stealth
 + Level 7.7 Spellcasting
 - Level 0.8 Conjurations
 * Level 11.7 Air Magic


You had 14 spell levels left.
You knew the following spells:

 Your Spells              Type           Power        Failure   Level
a - Airstrike             Air            31%          1%          4
b - Swiftness             Air            62%          1%          2
c - Static Discharge      Conj/Air       41%          1%          3
d - Shock                 Conj/Air       100%         1%          1

Your spell library contained the following spells:

 Spells                   Type           Power        Failure   Level
 Sandblast                Erth           18%          6%          1
 Passwall                 Tmut/Erth      7%           10%         2
 Lightning Bolt           Conj/Air       20%          13%         5
 Stone Arrow              Conj/Erth      22%          16%         3
 Confusing Touch          Hex            9%           19%         3
 Gell's Gravitas          Tloc           4%           19%         3
 Petrify                  Tmut/Erth      9%           52%         4
 Lee's Rapid Deconstruct  Erth           4%           86%         5
 Metabolic Englaciation   Hex/Ice        4%           86%         5
 Yara's Violent Unravell  Hex/Tmut       4%           86%         5


Dungeon Overview and Level Annotations

Branches:
Dungeon (9/15)             Temple (0/1) D:6
   Lair: D:8-11         Orc: D:9-12

Shops:
D:8 *


Innate Abilities, Weirdness & Mutations

You have an increased reservoir of magic. (+10% MP)


Message History

The mass of ice explodes!
The iceblast engulfs the centaur!
The centaur is severely wounded.
The iceblast engulfs the bush!
The bush is moderately damaged.
The iceblast engulfs the bush.
The bush is lightly damaged.
The now-empty wand crumbles to dust.
The centaur shoots an arrow.
The arrow hits you.
* * * LOW HITPOINT WARNING * * *
A centaur comes into view.
Unknown command.
You don't have any such object.
Evoke which item? (* to show all) (? for menu, Esc to quit)
Okay, then.
Aiming: Paralyse
Press: ? - help, Shift-Dir - straight line, f/p - centaur
Aim: a centaur, wielding a +0 shortbow and quivering arrows (severely wounded, chance to affect: 46%)
The centaur suddenly stops moving!
The centaur wields a +0 shortbow.
The centaur shoots an arrow.
The arrow hits you.
You die...

#.....# #.....# #.....#
#.....# #.....# #.....#
#...<.# ########### #.....#
#......@..####...^.#
#.###..†)...)......#
#......####.....#
#..PPP..###.)...####
........###PPc.##........##
.......## ##P(.##.....##)..
.PP.♣P. #P..##.....###.. ♣#
#♣. #Pc.##.....# #8. #♣
....##.....# #..


You could see 2 centaurs.

Vanquished Creatures
  A boulder beetle (D:9)
  Harold (D:8)
  A two-headed ogre (D:9)
  Maurice (D:8)
  A sky beast (D:5)
  2 ice beasts
  4 ogres
  2 orc warriors
  2 phantoms
  3 centaurs
  2 big kobolds
  3 bullfrogs (D:7)
  Blork the orc (D:5)
  A wyvern skeleton (D:8)
  2 scorpions
  10 wights
  4 howler monkeys
  A bullfrog zombie (D:5)
  A centaur skeleton (D:4)
  A bullfrog skeleton (D:4)
  An orc priest (D:8)
  5 hounds
  Jessica (D:3)
  An iguana (D:5)
  Terence (D:2)
  2 orc wizards
  2 worker ants
  A killer bee zombie (D:6)
  A hound zombie (D:7)
  7 gnolls
  6 adders
  A shadow imp (D:8)
  2 white imps
  2 ufetubi
  2 oozes
  An adder skeleton (D:6)
  3 worms
  4 dart slugs
  3 leopard geckos
  12 orcs
  3 giant cockroaches
  6 goblins
  5 hobgoblins
  14 jackals
  4 quokkas
  7 bats
  3 frilled lizards
  A giant cockroach zombie (D:6)
  13 kobolds
  3 rats
161 creatures vanquished.

Vanquished Creatures (others)
  2 plants (D:1)
2 creatures vanquished.

Grand Total: 163 creatures vanquished

Notes
Turn   | Place    | Note
-------+----------+-------------------------------------------
     0 | D:1      | lunkers the Demigod Air Elementalist began the quest for
                  | the Orb.
     0 | D:1      | Reached XP level 1. HP: 14/14 MP: 5/5
   130 | D:1      | Reached skill level 3 in Air Magic
   335 | D:1      | Reached XP level 2. HP: 20/20 MP: 4/7
   999 | D:2      | Reached XP level 3. HP: 26/26 MP: 1/9
  1497 | D:2      | Noticed Terence
  1511 | D:2      | Killed Terence
  1512 | D:2      | Reached skill level 4 in Air Magic
  1512 | D:2      | Reached XP level 4. HP: 26/33 MP: 0/10
  2526 | D:3      | Found a basalt altar of Yredelemnul.
  2699 | D:3      | Noticed Jessica
  2705 | D:3      | Killed Jessica
  2913 | D:3      | Found an ornate altar of the Wu Jian Council.
  3276 | D:4      | Reached XP level 5. HP: 33/38 MP: 10/12
  3435 | D:4      | Reached skill level 5 in Air Magic
  3559 | D:4      | Found a bloodstained altar of Trog.
  4069 | D:4      | Reached XP level 6. HP: 41/45 MP: 8/14
  4415 | D:5      | Entered Level 5 of the Dungeon
  4421 | D:5      | Noticed Blork the orc
  4433 | D:4      | Learned a level 2 spell: Swiftness
  4437 | D:4      | Learned a level 3 spell: Static Discharge
  4442 | D:4      | Learned a level 4 spell: Airstrike
  4446 | D:5      | Killed Blork the orc
  4535 | D:5      | Reached skill level 6 in Air Magic
  4768 | D:5      | Reached XP level 7. HP: 49/50 MP: 2/16
  5454 | D:5      | Reached skill level 7 in Air Magic
  6393 | D:6      | Found a staircase to the Ecumenical Temple.
  6612 | D:6      | Reached skill level 5 in Spellcasting
  6612 | D:6      | Reached XP level 8. HP: 57/57 MP: 1/19
  6641 | D:6      | Reached skill level 8 in Air Magic
  6779 | D:6      | Found a sparkling altar of Nemelex Xobeh.
  7089 | D:6      | Found a glowing silver altar of Zin.
  7370 | D:6      | Found a shimmering altar of Xom.
  7476 | D:6      | Found a shimmering altar of Xom.
  7483 | D:6      | Found a shimmering altar of Xom.
  7483 | D:6      | Found a shimmering altar of Xom.
  7485 | D:6      | Found a shimmering altar of Xom.
  7592 | D:6      | Found a hazy altar of Hepliaklqana.
  7599 | D:6      | Found a snail-covered altar of Cheibriados.
  7876 | D:7      | Reached skill level 9 in Air Magic
  8610 | D:7      | Found a hide-covered altar of Uskayaw.
  9203 | D:8      | Reached XP level 9. HP: 62/62 MP: 8/22
  9227 | D:8      | Noticed Maurice
  9355 | D:8      | Killed Maurice
  9356 | D:8      | Reached skill level 10 in Air Magic
  9464 | D:8      | Found Ucro's Assorted Antiques.
  9632 | D:8      | Noticed Harold
  9647 | D:8      | Killed Harold
  9910 | D:8      | Reached skill level 11 in Air Magic
 10566 | D:8      | Found a shadowy altar of Dithmenos.
 10790 | D:9      | Noticed a two-headed ogre
 10794 | D:9      | Killed a two-headed ogre
 10795 | D:9      | Reached XP level 10. HP: 69/69 MP: 4/25
 10946 | D:9      | Noticed a boulder beetle
 10965 | D:9      | Killed a boulder beetle
 10967 | D:9      | Shot with an arrow by a centaur

Illustrated notes

Levels and vault maps discovered:
D:1:      roderic_crop_circles_arrival_small, layout_rooms, minivault_19,
          minmay_bisected
D:2:      cheibrodos_helix_gallery, layout_rooms,
          hangedman_decor_diamond_cutter, minmay_hedge_maze, uniq_terence
D:3:      layout_loops_ring, marbit_many_paths, nicolae_overflow_hidden_temple,
          uniq_jessica
D:4:      layout_basic, nicolae_overflow_crystal_walls
D:5:      layout_loops_cross, uniq_blork_the_orc
D:6:      layout_loops_ring, kennysheep_little_box,
          nemelex_xobeh_ov_fountains_minmay, amethyst_overflow_temple_binary,
          minmay_temple_entry_offerings, xom_redecorated
D:7:      layout_basic, lemuel_doored_altar, minmay_misc_feat_tiny
D:8:      layout_cave_pools, lemuel_round_altar, serial_shops,
          nicolae_shop_overgrown_old_shop, uniq_harold, uniq_maurice
D:9:      layout_cross, general_overflow_altar, serial_park, serial_park_gazebo
          [serial_park_minivault_5x5_3], serial_park_tiny_pond,
          chequers_decorated_corner

Skill      XL: |  1  2  3  4  5  6  7  8  9 |
---------------+----------------------------+-----
Air Magic      | 3 4 5 6 7 9 11 | 11.7
Spellcasting   | 2 3 4 5 6 7 |  7.7
Dodging        | |  1.7
Stealth        | |  1.7
Conjurations   | |  0.8

Action                   |  1- 3 |  4- 6 |  7- 9 | 10-12 || total
-------------------------+-------+-------+-------+-------++-------
Melee: Dagger            |    17 |    19 |    42 |     1 ||    79
 Cast: Shock             |    97 |    82 |     2 |       ||   181
       Airstrike         |       |    11 |   134 |     8 ||   153
       Static Discharge  |       |       |     3 |       ||     3
Evoke: Wand              |       |       |       |    10 ||    10
  Use: Scroll            |       |     1 |       |       ||     1
Armor: Robe              |     6 |     6 |    13 |     1 ||    26
Dodge: Dodged            |    17 |    15 |    53 |     6 ||    91

Table legend: (Time is in decaauts)
 A = Elapsed time spent in this place.
 B = Non-inter-level travel time spent in this place.
 C = Inter-level travel time spent in this place.
 D = Time resting spent in this place.
 E = Time spent auto-exploring this place.
 F = Levels seen in this place.
 G = Mean time per level.
                   A        B        C        D        E       F      G
               +--------+--------+--------+--------+--------+-----+--------+
         Total |  10971 |  10720 |    251 |    821 |   8893 |   9 | 1219.0 |
       Dungeon |  10971 |  10720 |    251 |    821 |   8893 |   9 | 1219.0 |
               +--------+--------+--------+--------+--------+-----+--------+

Top non-repeatable levels by time:
     D:7: 1681 daAuts
     D:5: 1570 daAuts
     D:6: 1538 daAuts
     D:4: 1324 daAuts
     D:8: 1310 daAuts
     D:2: 1216 daAuts
     D:3: 1122 daAuts
     D:1: 930 daAuts
     D:9: 275 daAuts
